 Dungeon Crawl Stone Soup version 0.31-a0-188-g5e087ee2ca (webtiles) character file.

Game seed: 3099465256312434043

109 qw the Skirmisher (level 4, -1/25 HPs)
             Began as a Deep Elf Hunter on June 23, 2023.
             Slain by Sigmund
             ... wielding a +2 scythe of protection
              (5 damage)
             ... on level 3 of the Dungeon.
             The game lasted 00:00:34 (1054 turns).

qw the Skirmisher (Deep Elf Hunter)                 Turns: 1054, Time: 00:00:34

Health: -1/25      AC:  3    Str: 10    XL:     4   Next: 60%
Magic:  0/6        EV: 12    Int: 14    God:
Gold:   147        SH:  0    Dex: 18    Spells: 3/3 levels left

rFire   . . .        Y - +1 shortbow
rCold   . . .        (shield currently unavailable)
rNeg    . . .        c - +0 leather armour
rPois   .            (no helmet)
rElec   .            (no cloak)
rCorr   +            (no gloves)
SInv    .            (no boots)
Will    .....        f - amulet of guardian spirit
Stlth   ++           e - ring of resist corrosion
HPRegen 0.24/turn    (no ring)
MPRegen 0.10/turn

%: guardian spirit
@: no status effects
A: no striking features
a: no special abilities


You were on level 3 of the Dungeon.
You visited 1 branch of the dungeon, and saw 3 of its levels.

You collected 147 gold pieces.


   Skills:
 - Level 1.5 Fighting
 + Level 8.0 Ranged Weapons
 - Level 2.4 Dodging
 - Level 1.2 Stealth


You had 3 spell levels left.
You didn't know any spells.
Your spell library was empty.

Inventory:

Hand Weapons
 Y - a +1 shortbow (weapon)
Armour
 a - a +0 pair of gloves
 c - a +0 leather armour (worn)
Jewellery
 e - a ring of resist corrosion (left hand)
 f - an amulet of guardian spirit (around neck)
Potions
 b - a potion of lignification {unknown}

Dungeon Overview and Level Annotations

Branches:
Dungeon (3/15)

Altars:

Annotations:
D:3 Sigmund


Message History

Sigmund the Dreaded comes into view.
He is wielding a +2 scythe of protection.
Sigmund shouts!
Sigmund is suddenly surrounded by pale red light.
You shoot an arrow. The arrow hits Sigmund!
Sigmund is moderately wounded.
A hobgoblin comes into view.
Sigmund says, "Your kind have come here before.
I understand now why.
You desire death..."
You shoot an arrow. The arrow completely misses Sigmund.
Sigmund casts a spell at you.
You are confused.
1045 ||| DRINKING potion of curing.
You feel better.
1045 ||| (to cure confusion)
You shoot an arrow.
The arrow hits Sigmund but does no damage.
Sigmund is moderately wounded.
Sigmund gestures wildly while chanting.
Sigmund flickers and vanishes!
Deactivating autopickup; reactivate with Ctrl-A.
You shoot an arrow. The arrow barely misses the hobgoblin.
Something hits you.
You shoot an arrow. The arrow hits the hobgoblin.
The hobgoblin is almost dead.
The hobgoblin hits you.
You hear some strange, mumbled words.
A puff of flame appears from out of thin air!
The puff of flame hits you!
You shoot an arrow. The arrow hits the hobgoblin!
You kill the hobgoblin!
Something hits you!
You shoot an arrow.
A magic dart appears from out of thin air!
The magic dart hits you.
You shoot an arrow. Something barely misses you.
You shoot an arrow. You shoot an arrow. Something completely misses you.
You shoot an arrow. Something hits you.
You die...

### ... #.. #.# ...
##.####.####.#
#......>!{...# #@#
#.# #.# ### #.#
########. ###...#.#
#.)......
......#.####.######
#........%.....<#
#####.####.######
........# #.#


There were no monsters in sight!

Vanquished Creatures
  Jessica (D:3)
  3 gnolls (D:2)
  3 adders
  An endoplasm (D:2)
  3 giant cockroaches
  3 goblins
  2 hobgoblins
  3 kobolds (D:1)
  2 quokkas
  2 ball pythons
  A frilled lizard (D:2)
  5 rats
29 creatures vanquished.

Notes
Turn   | Place    | Note
-------+----------+-------------------------------------------
     0 | D:1      | qw the Deep Elf Hunter began the quest for the Orb.
     0 | D:1      | Reached XP level 1. HP: 12/12 MP: 3/3
     0 | D:1      | 0 ||| qw: Version: 0.3-a-9-g12657ce
     0 | D:1      | 0 ||| qw: Game counter: 3884
     0 | D:1      | 0 ||| qw: Always use a shield: true
     0 | D:1      | 0 ||| qw: God list: Okawaru
     0 | D:1      | 0 ||| qw: Allow faded altars: false
     0 | D:1      | 0 ||| qw: Do Orc after D:15 true
     0 | D:1      | 0 ||| qw: Do second Lair branch before Depths: true
     0 | D:1      | 0 ||| qw: Lair rune preference: random
     0 | D:1      | 0 ||| qw: Plans: Normal
     0 | D:1      | 0 ||| PLANNING D:1-11
   212 | D:1      | Reached XP level 2. HP: 16/16 MP: 4/4
   285 | D:1      | Reached skill level 6 in Ranged Weapons
   381 | D:1      | 381 ||| UPGRADING to amulet of guardian spirit.
   386 | D:1      | 386 ||| UPGRADING to ring of resist corrosion.
   387 | D:1      | 387 ||| DROPPING ring of magical power.
   388 | D:1      | 388 ||| READING scroll labelled VAYCOOBE QIYG.
   389 | D:1      | 389 ||| DROPPING scroll of butterflies.
   408 | D:2      | 408 ||| STAIRDANCE
   415 | D:1      | HP: 4/16 [poisoned by an adder]
   420 | D:1      | HP: 4/16 [giant cockroach (1)]
   497 | D:2      | Reached XP level 3. HP: 20/20 MP: 5/5
   634 | D:2      | Reached skill level 7 in Ranged Weapons
   842 | D:2      | 842 ||| Stepping ~*~*~tactically~*~*~ (outnumbered).
   847 | D:2      | 847 ||| FLEEEEING.
   848 | D:2      | 848 ||| FLEEEEING.
   849 | D:2      | 849 ||| FLEEEEING.
   850 | D:2      | 850 ||| FLEEEEING.
   851 | D:2      | 851 ||| FLEEEEING.
   852 | D:2      | 852 ||| FLEEEEING.
   854 | D:2      | 854 ||| FLEEEEING.
   855 | D:2      | 855 ||| FLEEEEING.
   856 | D:2      | 856 ||| FLEEEEING.
   857 | D:2      | 857 ||| FLEEEEING.
   858 | D:2      | 858 ||| STAIRDANCE
   864 | D:1      | 864 ||| READING scroll labelled GATUAS JOPLUO.
   865 | D:1      | 865 ||| READING scroll labelled WUPPINE DIFORCH.
   870 | D:1      | 870 ||| READING scroll labelled CYXZAM ESAE.
   871 | D:1      | 871 ||| DRINKING 2 glowing green potions.
   923 | D:2      | Reached XP level 4. HP: 25/25 MP: 6/6
   939 | D:2      | Found a faded altar of an unknown god.
   980 | D:2      | 980 ||| DROPPING ring of flight.
   993 | D:3      | Noticed Jessica
  1000 | D:3      | Killed Jessica
  1001 | D:3      | Reached skill level 8 in Ranged Weapons
  1042 | D:3      | Noticed Sigmund
  1045 | D:3      | 1045 ||| DRINKING potion of curing.
  1045 | D:3      | 1045 ||| (to cure confusion)
  1049 | D:3      | HP: 5/25 [something (8)]
  1054 | D:3      | Slain by Sigmund

Levels and vault maps discovered:
D:1:      heliophobic_arrival_enchanted_forest, layout_basic,
          chequers_serial_rivers_small_b
D:2:      layout_rooms, shapermc_ecumenical_altar_petra
D:3:      layout_basic, uniq_robin, uniq_jessica, uniq_sigmund

Skill      XL: |  1  2  3  4 |
---------------+-------------+-----
Ranged Weapons | 6 7 8 |  8.0
Fighting       | |  1.5
Dodging        | |  2.4
Stealth        | |  1.2

Action                     |  1- 3 |  4- 6 || total
---------------------------+-------+-------++-------
   Fire: Shortbow          |    79 |    30 ||   109
    Use: Scroll            |     4 |       ||     4
         Potion            |     1 |     1 ||     2
 Armour: Leather armour    |     9 |       ||     9
  Dodge: Dodged            |    36 |     8 ||    44

Table legend:
 A = Non-vault XP
 B = Vault XP
 C = Vault XP percentage of total XP
 D = Non-vault monster count
 E = Vault monster count
 F = Vault count percentage of total count
                 A         B        C        D         E       F
            +---------+---------+-------+---------+---------+-------
      Total |     120 |      37 |  23.6 |      28 |       1 |   3.4
            +---------+---------+-------+---------+---------+-------
        D:1 |      31 |       0 |   0.0 |      13 |       0 |   0.0
        D:2 |      86 |       0 |   0.0 |      13 |       0 |   0.0
        D:3 |       3 |      37 |  92.5 |       2 |       1 |  33.3
            +---------+---------+-------+---------+---------+-------
